 Dungeon Crawl Stone Soup version 0.31-a0-237-g2d982f9f85 (webtiles) character file.

Game seed: 3800383700728240755

120 Iniera the Chopper (level 4, 0/34 HPs)
             Began as a Vampire Gladiator on July 12, 2023.
             Slain by an orc
             ... wielding a +0 falchion
              (5 damage)
             ... on level 3 of the Dungeon.
             The game lasted 00:02:40 (1543 turns).

Iniera the Chopper (Vampire Gladiator)              Turns: 1543, Time: 00:02:41

Health: 0/34       AC:  6    Str: 15    XL:     4   Next: 75%
Magic:  4/4        EV: 11    Int: 10    God:
Gold:   82         SH:  0    Dex: 15    Spells: 3/3 levels left

rFire   . . .        a - +0 war axe
rCold   . . .        (no shield)
rNeg    . . .        g - +0 ring mail {rPois}
rPois   +            c - +0 helmet
rElec   .            (no cloak)
rCorr   .            (no gloves)
SInv    +            (no boots)
Will    .....        (no amulet)
Stlth   +            (no ring)
HPRegen 0.45/turn    (no ring)
MPRegen 0.09/turn

%: no passive effects
@: healing quickly
A: alive, fangs 3, see invisible, vampiric 2
a: Exsanguinate


You were on level 3 of the Dungeon.
You visited 1 branch of the dungeon, and saw 3 of its levels.

You collected 121 gold pieces.
You spent 39 gold pieces at shops.

Inventory:

Hand Weapons
 a - a +0 war axe (weapon)
Missiles
 d - 3 throwing nets (quivered)
 e - a javelin
Armour
 c - a +0 helmet (worn)
 g - a +0 ring mail of poison resistance (worn)
Scrolls
 b - a scroll of identify
Potions
 f - a potion of ambrosia
 h - 2 potions of curing
 i - a potion of heal wounds


   Skills:
 + Level 2.9 Fighting
 * Level 4.2 Axes
 - Level 2.0 Throwing
 - Level 3.2 Dodging


You had 3 spell levels left.
You didn't know any spells.
Your spell library contained the following spells:

 Spells                   Type           Power      Damage    Failure   Level
 Inner Flame              Hex/Fire       0%         N/A       92%         3
 Yara's Violent Unravell  Hex/Tmut       0%         3d3       100%        5
 Enfeeble                 Hex            0%         N/A       100%        7


Dungeon Overview and Level Annotations

Branches:
Dungeon (3/15)

Altars:

Shops:
D:1 !

Portals:
Sewer: D:3


Innate Abilities, Weirdness & Mutations

Your natural rate of healing is accelerated.
You have razor-sharp teeth.
You have supernaturally acute eyesight. (SInv)
You are afflicted with vampirism and can become a bat while bloodless.


Message History

You kill Robin!
You hit the orc. You hit the giant cockroach.
The giant cockroach bites you but does no damage.
An orc comes into view. It is wielding a +0 hand axe.
The orc barely misses you.
The giant cockroach bites you but does no damage.
You hit the orc.
The orc is almost dead.
You hit the giant cockroach.
An orc comes into view. It is wielding a +0 short sword.
The orc hits you but does no damage. The giant cockroach barely misses you.
A goblin comes into view. It is wielding a +0 dagger.
A rat comes into view.
The goblin shouts!
The orc shouts!
You hit the orc but do no damage. Your bite misses the orc.
The orc is almost dead.
You hit the giant cockroach but do no damage.
You hear an angry hiss.
The orc closely misses you.
The giant cockroach bites you but does no damage.
The orc hits you with a +0 mace.
* * * LOW HITPOINT WARNING * * *
The giant cockroach closely misses you.
You hit the orc.
You kill the orc!
You hit the giant cockroach but do no damage.
The giant cockroach bites you but does no damage.
You barely miss the giant cockroach.
The giant cockroach is severely wounded.
The giant cockroach bites you but does no damage. x2
Unknown command.
The orc attacks as you move away! The orc barely misses you.
The giant cockroach closely misses you. The orc attacks as you move away!
The orc hits you with a +0 falchion.
* * * LOW HITPOINT WARNING * * *
The orc attacks as you move away! The orc hits you with a +0 falchion.
* * * LOW HITPOINT WARNING * * *
You closely miss the orc. The orc barely misses you.
The orc hits you with a +0 falchion.
You die...

.......#.....#.....#
#......#.......#.###
#.#.#..........#.#..
##.#.#.#........#.#.#
########..o..............#.#
.......##.#o#.........####.#
......o##.#B#.#.##.........#
~~~...).oB#o#.#.#.....<#####
~~~~..o.###@###.............
~∩~~..g.# #..#..#.......###.
~~~~......#.....#.......# #.
~~~.............#...#...###.
..................†##.......
..........#.....##.##..#.###
......##...........##....#
#..######.#####.### ...
##.#####.#


You could see 3 orcs and a giant cockroach.

Vanquished Creatures
  Robin (D:3)
  A gnoll (D:1)
  2 adders
  2 worms (D:2)
  4 dart slugs
  An orc (D:3)
  2 ball pythons (D:2)
  5 endoplasms
  2 giant cockroaches
  10 goblins
  7 hobgoblins
  2 quokkas
  5 bats
  6 frilled lizards
  8 kobolds
  6 rats
64 creatures vanquished.

Notes
Turn   | Place    | Note
-------+----------+-------------------------------------------
     0 | D:1      | Iniera the Vampire Gladiator began the quest for the Orb.
     0 | D:1      | Reached XP level 1. HP: 16/16 MP: 1/1
   117 | D:1      | Reached skill level 3 in Axes
   122 | D:1      | Reached XP level 2. HP: 22/22 MP: 2/2
   150 | D:1      | Found Lomn's Distillery.
   329 | D:1      | Gained mutation: You are afflicted with vampirism and can
                  | become a bat while bloodless. [Vampire growth]
   329 | D:1      | Reached XP level 3. HP: 24/27 MP: 3/3
   596 | D:1      | Bought a potion of curing for 39 gold pieces
   973 | D:2      | Reached XP level 4. HP: 23/34 MP: 4/4
  1377 | D:3      | Noticed Robin
  1385 | D:2      | Reached skill level 4 in Axes
  1521 | D:3      | Found a glowing drain.
  1530 | D:3      | Killed Robin
  1543 | D:3      | Slain by an orc

Illustrated notes

Levels and vault maps discovered:
D:1:      dpeg_arrival_rooms_b, layout_basic, serial_shops, nicolae_square_shop
D:2:      layout_basic
D:3:      layout_basic, portal_sewer_entry_a, dreamdust_wishing_well, uniq_robin

Skill      XL: |  1  2  3  4 |
---------------+-------------+-----
Axes           | 3 4 |  4.2
Fighting       | 2 |  2.9
Throwing       | 2 |  2.0
Dodging        | |  3.2

Action                     |  1- 3 |  4- 6 || total
---------------------------+-------+-------++-------
  Melee: War axe           |    99 |    43 ||   142
         Bite              |    14 |     5 ||    19
         Punch             |       |     1 ||     1
    Use: Scroll            |       |     2 ||     2
 Armour: Leather armour    |    15 |       ||    15
         Ring mail         |    20 |    30 ||    50
  Dodge: Dodged            |    70 |    44 ||   114

Table legend: (Time is in decaauts)
 A = Elapsed time spent in this place.
 B = Non-inter-level travel time spent in this place.
 C = Inter-level travel time spent in this place.
 D = Time resting spent in this place.
 E = Time spent auto-exploring this place.
 F = Levels seen in this place.
 G = Mean time per level.
                   A        B        C        D        E       F      G
               +--------+--------+--------+--------+--------+-----+--------+
         Total |   1589 |   1390 |    199 |      0 |   1027 |   3 |  529.7 |
       Dungeon |   1589 |   1390 |    199 |      0 |   1027 |   3 |  529.7 |
               +--------+--------+--------+--------+--------+-----+--------+

Top non-repeatable levels by time:
     D:1: 793 daAuts
     D:2: 667 daAuts
     D:3: 128 daAuts
